 Dungeon Sprint DCSS version 0.22-a0-772-gac08f70 (webtiles) character file.

1958 Mamutox the Unseen (level 9, -3/43 HPs)
             Began as a Spriggan Enchanter on July 17, 2018.
             Was the Champion of Jiyva.
             Killed by an exploding ballistomycete spore (28 damage)
             ... in the Dungeon (Sprint I: "Red Sonja").
             The game lasted 00:07:58 (447 turns).

Mamutox the Unseen (Spriggan Enchanter)              Turns: 447, Time: 00:07:59

Health: -3/43      AC:  1    Str:  4    XL:     9   Next: 0%
Magic:  24/24      EV: 28    Int: 18    God:    Jiyva [******]
Gold:   138        SH:  0    Dex: 18    Spells: 17/29 levels left

rFire    + . .     SeeInvis +   a - +1 dagger
rCold    . . .     Gourm    .   (shield restricted)
rNeg     . . .     Faith    .   b - +0 robe
rPois    .         Spirit   .   (helmet restricted)
rElec    .         Reflect  .   (no cloak)
rCorr    +         Harm     .   (gloves unavailable)
MR       ++...     NoTele   +   (boots unavailable)
Stlth    +++.......             (no amulet)
HPRegen  0.14/turn              k - ring of protection from magic
MPRegen  0.19/turn              (no ring)

@: confused, very quick
A: very small, unfitting armour, antennae 2, see invisible, fire resistance 1,
herbivore, speed 3, slow metabolism 2, pseudopods 2, jelly sensing items
a: Request Jelly, Slimify, Cure Bad Mutation, Renounce Religion


You were in the Dungeon.
You worshipped Jiyva.
Jiyva was exalted by your worship.
You were completely stuffed.

You visited 1 branch You collected 216 gold pieces.
You spent 78 gold pieces at shops.

Inventory:

Hand Weapons
 a - a +1 dagger (weapon)
Armour
 b - a +0 robe (worn)
Jewellery
 k - a ring of protection from magic (left hand)
Scrolls
 i - a scroll of fear {unknown}
 j - a scroll of blinking
 l - a scroll of remove curse
 m - a scroll of random uselessness
Potions
 c - a potion of might
 e - a potion of curing
 f - a potion of heal wounds
 g - a potion of haste
 h - 2 potions of magic
Comestibles
 d - a ration


   Skills:
 + Level 2.9 Fighting
 + Level 9.3 Short Blades
 + Level 11.6 Dodging
 + Level 16.4 Stealth
 - Level 10.8 Spellcasting
 - Level 10.2 Hexes


You had 17 spell levels left.
You knew the following spells:

 Your Spells              Type           Power        Failure   Level  Hunger
a - Corona                Hex            #####..      1%          1    None
b - Ensorcelled Hibernat  Hex/Ice        ####..       1%          2    None
c - Confuse               Hex            #####...     1%          3    None
d - Tukima's Dance        Hex            #####...     1%          3    None
e - Dazzling Spray        Conj/Hex       ####..       2%          3    None

Your spell library contained the following spells:

 Spells                   Type           Power        Failure   Level  Hunger


Dungeon Overview and Level Annotations

Branches:
Dungeon (1/1)

Altars:
Cheibriados
Dithmenos
Elyvilon
Fedhas
Gozag
Hepliaklqana
Kikubaaqudgha
Makhleb
Nemelex Xobeh
Okawaru
Qazlal
Ru
Sif Muna
Trog
Uskayaw
Vehumet
Wu Jian
Xom
Yredelemnul
Zin
The Shining One
Jiyva
Lugonu

Shops:
D ??[


Innate Abilities, Weirdness & Mutations

You are very small and have problems with some larger weapons.
You are too small for most types of armour.
You have supernaturally acute eyesight. (SInv)
You are a herbivore.
You cover ground extremely quickly.
You need to consume almost no food.
You have a pair of antennae on your head.
Your flesh is heat resistant. (rF+)
Armour fits poorly on your large pseudopods.
You have a small jelly attached to you that senses nearby items.


Message History

You hear a shout!
You hear a series of splatters.
You open the door. 2 ballistomycete spores come into view.
Found 95 gold pieces, 2 potions of curing, 14 arrows and a gold wand.
Unknown command.
Found 54 gold pieces.
There is an open door here.
The helpless ballistomycete spore fails to defend itself.
You spit the ballistomycete spore like a pig!!!!
The ballistomycete spore explodes!
A fungus suddenly grows.
The explosion of spores engulfs you!
You are confused.
You shudder from the blast and a jelly pops out!
The explosion of spores engulfs the ballistomycete spore.
The ballistomycete spore explodes!
The explosion of spores engulfs you!
You are more confused.
Ouch! That really hurt!
You die...

#..#____J##'#_..§≈≈§§+
#⌠⌠#_.∩...'..._#≈≈§.§#∆∆
####_..__##_.#§##.####
∆∆#_____###.#.#§§..###{
∆
############.####)###.##
∆
#∩....................∩#
###++++####...##########
∆ { ##J## { { { ∆#@#∆ {{
{ { #P!$!$# { { ∆
{#$/$($# ####### { {


You could see a friendly acid blob (wandering).

Vanquished Creatures
  2 centaur warriors (D)
  Sonja (D)
  A deep troll (D)
  A slime creature (D)
  Sigmund (D)
  A yak (D)
  An ogre (D)
  Ijyb (D)
9 creatures vanquished.

Vanquished Creatures (others)
  A floating eye (D)
  7 necrophages (D)
  21 jellies (D)
29 creatures vanquished.

Grand Total: 38 creatures vanquished

Notes
Turn   | Place    | Note
-------+----------+-------------------------------------------
     0 | D        | Mamutox the Spriggan Enchanter began the quest for the Orb.
     0 | D        | Reached XP level 1. HP: 9/9 MP: 5/5
     2 | D        | Noticed Ijyb
    12 | D        | Killed Ijyb
    12 | D        | Reached skill level 7 in Stealth
    12 | D        | Reached skill level 5 in Hexes
    12 | D        | Reached XP level 2. HP: 12/13 MP: 5/7
   126 | D        | Learned a level 2 spell: Ensorcelled Hibernation
   127 | D        | Noticed an ogre
   130 | D        | Killed an ogre
   130 | D        | Reached skill level 9 in Stealth
   130 | D        | Reached skill level 5 in Spellcasting
   130 | D        | Reached XP level 3. HP: 16/16 MP: 7/10
   130 | D        | Reached XP level 4. HP: 21/21 MP: 8/12
   135 | D        | Learned a level 3 spell: Confuse
   139 | D        | Learned a level 3 spell: Tukima's Dance
   143 | D        | Learned a level 3 spell: Dazzling Spray
   162 | D        | Noticed Sigmund
   165 | D        | Killed Sigmund
   165 | D        | Reached skill level 12 in Stealth
   165 | D        | Reached skill level 10 in Hexes
   165 | D        | Reached XP level 5. HP: 24/24 MP: 13/15
   165 | D        | Reached XP level 6. HP: 28/28 MP: 13/16
   196 | D        | Found a burning altar of Makhleb.
   196 | D        | Found a viscous altar of Jiyva.
   196 | D        | Found a shimmering altar of Xom.
   196 | D        | Found a corrupted altar of Lugonu.
   196 | D        | Noticed a slime creature
   219 | D        | Killed a slime creature
   219 | D        | Reached skill level 13 in Stealth
   224 | D        | Became a worshipper of Jiyva Jestexe the Shapeless
   231 | D        | Reached * piety under Jiyva
   240 | D        | Reached ** piety under Jiyva
   252 | D        | Found an ornate altar of the Wu Jian Council.
   252 | D        | Found a deep blue altar of Sif Muna.
   254 | D        | Found a radiant altar of Vehumet.
   261 | D        | Noticed a centaur warrior
   281 | D        | Found Viqium's Magic Scroll Emporium.
   281 | D        | Found an ancient bone altar of Kikubaaqudgha.
   281 | D        | Found a hazy altar of Hepliaklqana.
   281 | D        | Found a stormy altar of Qazlal.
   281 | D        | Found a hide-covered altar of Uskayaw.
   281 | D        | Found a blossoming altar of Fedhas.
   281 | D        | Found a bloodstained altar of Trog.
   281 | D        | Found an iron altar of Okawaru.
   281 | D        | Found a basalt altar of Yredelemnul.
   281 | D        | Found a glowing golden altar of the Shining One.
   281 | D        | Found a snail-covered altar of Cheibriados.
   281 | D        | Found a sacrificial altar of Ru.
   281 | D        | Found a glowing silver altar of Zin.
   281 | D        | Found a shadowy altar of Dithmenos.
   281 | D        | Found a white marble altar of Elyvilon.
   281 | D        | Noticed a yak
   282 | D        | Noticed Sonja
   282 | D        | Found an opulent altar of Gozag.
   283 | D        | Killed a yak
   283 | D        | Reached skill level 5 in Short Blades
   283 | D        | Reached XP level 7. HP: 28/32 MP: 20/20
   284 | D        | Found a sparkling altar of Nemelex Xobeh.
   288 | D        | Bought a scroll of remove curse for 39 gold pieces
   288 | D        | Bought a scroll of random uselessness for 13 gold pieces
   288 | D        | Bought a scroll of identify for 26 gold pieces
   288 | D        | Reached *** piety under Jiyva
   288 | D        | Reached **** piety under Jiyva
   291 | D        | Gained mutation: You are frail. (-10% HP) [Jiyva's grace]
   296 | D        | Noticed a deep troll
   300 | D        | Reached ***** piety under Jiyva
   310 | D        | Gained mutation: You are somewhat resistant to further mutation. [Jiyva's grace]
   314 | D        | Killed Sonja
   314 | D        | Reached skill level 14 in Stealth
   318 | D        | Gained mutation: Your spells are a little easier to cast, but a little less powerful. [Jiyva's grace]
   318 | D        | Reached ****** piety under Jiyva
   321 | D        | Noticed a centaur warrior
   323 | D        | Gained mutation: You have a small jelly attached to you that senses nearby items. [Jiyva's grace]
   327 | D        | Gained mutation: You occasionally shout uncontrollably at your foes. [Jiyva's grace]
   327 | D        | Lost mutation: You are somewhat resistant to further mutation. [Jiyva's grace]
   327 | D        | Gained mutation: You are somewhat resistant to further mutation. [Jiyva's grace]
   327 | D        | Gained mutation: You sometimes yell uncontrollably at your foes. [Jiyva's grace]
   329 | D        | Lost mutation: You sometimes yell uncontrollably at your foes. [Jiyva's grace]
   334 | D        | Gained mutation: You possess an exceptional clarity of mind. [Jiyva's grace]
   340 | D        | Lost mutation: You are frail. (-10% HP) [Jiyva's grace]
   346 | D        | Lost mutation: You possess an exceptional clarity of mind. [Jiyva's grace]
   346 | D        | Lost mutation: Your spells are a little easier to cast, but a little less powerful. [Jiyva's grace]
   346 | D        | Gained mutation: Your flesh is heat resistant. (rF+) [Jiyva's grace]
   346 | D        | Gained mutation: You have a pair of small antennae on your head. [Jiyva's grace]
   347 | D        | Gained mutation: Armour fits poorly on your pseudopods. [Jiyva's grace]
   348 | D        | Gained mutation: You have a pair of antennae on your head. [Jiyva's grace]
   349 | D        | Gained mutation: You have sharp toenails. [Jiyva's grace]
   350 | D        | Lost mutation: You occasionally shout uncontrollably at your foes. [Jiyva's grace]
   360 | D        | Killed a deep troll
   360 | D        | Reached skill level 10 in Dodging
   360 | D        | Reached skill level 15 in Stealth
   360 | D        | Reached skill level 10 in Spellcasting
   360 | D        | Reached XP level 8. HP: 36/36 MP: 21/23
   362 | D        | Lost mutation: You are somewhat resistant to further mutation. [Jiyva's grace]
   370 | D        | Gained mutation: Your body has grown golden eyes which may confuse attackers. (Acc +3) [Jiyva's grace]
   370 | D        | Lost mutation: Your body has grown golden eyes which may confuse attackers. (Acc +3) [Jiyva's grace]
   372 | D        | Gained mutation: Armour fits poorly on your large pseudopods. [Jiyva's grace]
   375 | D        | Killed a centaur warrior
   375 | D        | Reached skill level 16 in Stealth
   396 | D        | Killed a centaur warrior
   396 | D        | Reached XP level 9. HP: 35/43 MP: 19/24
   397 | D        | Found Res Raerr's Armour Emporium.
   406 | D        | Found Pubbopn's Magic Scroll Boutique.
   417 | D        | Lost mutation: You have sharp toenails. [Jiyva's grace]
   447 | D        | Killed by an exploding ballistomycete spore

Vault maps used:
D:        dungeon_sprint_1

Skill      XL: |  1  2  3  4  5  6  7  8 |
---------------+-------------------------+-----
Stealth        | 7 9 12 13 15 16 | 16.4
Spellcasting   | 3 5 6 8 10 | 10.8
Hexes          | 5 8 10 | 10.2
Short Blades   | 2 5 8 9 |  9.3
Dodging        | 7 10 11 | 11.6
Fighting       | 2 |  2.9

Action                   |  1- 3 |  4- 6 |  7- 9 || total
-------------------------+-------+-------+-------++-------
Melee: Dagger            |     8 |     9 |    14 ||    31
       Kick              |       |       |     3 ||     3
       Pseudopods        |       |       |     3 ||     3
 Cast: Confuse           |       |     2 |     6 ||     8
       Ensorcelled Hiber |       |       |     5 ||     5
  Use: Potion            |     1 |       |       ||     1
       Scroll            |       |       |     1 ||     1
 Stab: Sleeping          |     2 |     2 |     3 ||     7
       Confused          |       |     3 |     3 ||     6
Armor: Robe              |       |       |     2 ||     2
Dodge: Dodged            |     2 |     1 |    13 ||    16

Table legend:
 A = Spawn XP
 B = Non-spawn XP
 C = Spawn XP percentage of total XP
 D = Spawn monster count
 E = Non-spawn monster count
 F = Spawn count percentage of total count
 G = Total turns spent on level
                    A         B        C        D         E        F      G
               +---------+---------+-------+---------+---------+-------+---------
         Total |       0 |    2798 |   0.0 |       0 |       9 |   0.0 |   447
               +---------+---------+-------+---------+---------+-------+---------
             D |       0 |    2798 |   0.0 |       0 |       9 |   0.0 |   447
               +---------+---------+-------+---------+---------+-------+---------
